 Dungeon Crawl Stone Soup version 0.31-a0-152-g6aa68a64a1 (webtiles) character file.

Game seed: 13658510755541445489

398 qw the Skirmisher (level 6, -9/52 HPs)
             Began as a Minotaur Hunter on June 10, 2023.
             Mangled by Edmund
             ... wielding a +4 flail of protection
              (12 damage)
             ... on level 4 of the Dungeon.
             The game lasted 00:01:36 (3528 turns).

qw the Skirmisher (Minotaur Hunter)                 Turns: 3528, Time: 00:01:36

Health: -9/52      AC:  5    Str: 16    XL:     6   Next: 53%
Magic:  5/5        EV: 11    Int:  6    God:
Gold:   182        SH:  0    Dex: 15    Spells: 5/5 levels left

rFire   . . .        Y - +0 shortbow
rCold   . . .        (shield currently unavailable)
rNeg    . . .        g - +0 ring mail
rPois   +            (helmet restricted)
rElec   .            (no cloak)
rCorr   .            (no gloves)
SInv    .            (no boots)
Will    .....        (no amulet)
Stlth   +            e - ring of poison resistance
HPRegen 0.28/turn    (no ring)
MPRegen 0.09/turn

%: no passive effects
@: no status effects
A: horns 2, retaliatory headbutt
a: no special abilities


You were on level 4 of the Dungeon.
You visited 1 branch of the dungeon, and saw 6 of its levels.

You collected 182 gold pieces.


Innate Abilities, Weirdness & Mutations

You have a pair of horns on your head.
You reflexively headbutt those who attack you in melee.


   Skills:
 + Level 4.1 Fighting
 - Level 8.0 Ranged Weapons
 - Level 1.0 Armour
 - Level 2.1 Dodging
 - Level 0.7 Stealth


You had 5 spell levels left.
You didn't know any spells.
Your spell library was empty.

Inventory:

Hand Weapons
 Y - a +0 shortbow (weapon)
Armour
 g - a +0 ring mail (worn)
Jewellery
 a - a +4 ring of protection
 e - a ring of poison resistance (left hand)
Scrolls
 c - a scroll of identify
Potions
 d - 2 potions of curing
 f - a potion of resistance
 j - a potion of mutation {unknown}

Dungeon Overview and Level Annotations

Branches:
Dungeon (6/15)
 Temple: D:4-7

Altars:

Annotations:
D:4 Edmund


Message History

You shoot an arrow.
The arrow hits Edmund but does no damage.
Edmund is lightly wounded.
Edmund hits you with a +4 flail of protection!
You shoot an arrow.
The arrow hits Edmund but does no damage.
Edmund is lightly wounded.
Edmund barely misses you. You furiously retaliate!
You headbutt Edmund! You shoot an arrow.
The arrow hits Edmund but does no damage.
Edmund is moderately wounded.
Edmund hits you but does no damage.
You shoot an arrow. The arrow hits Edmund.
Edmund is moderately wounded.
Edmund barely misses you.
You shoot an arrow. The arrow closely misses Edmund.
Edmund barely misses you.
You shoot an arrow. The arrow barely misses Edmund.
Edmund hits you with a +4 flail of protection. x2
You shoot an arrow. The arrow closely misses Edmund.
Edmund hits you with a +4 flail of protection.
You shoot an arrow.
The arrow hits Edmund but does no damage.
Edmund is moderately wounded.
Edmund hits you with a +4 flail of protection.
You shoot an arrow.
The arrow hits Edmund but does no damage.
Edmund is moderately wounded.
Edmund barely misses you.
You shoot an arrow. The arrow hits Edmund.
Edmund is moderately wounded.
Edmund misses you.
You shoot an arrow.
The arrow hits Edmund but does no damage.
Edmund is moderately wounded.
Edmund closely misses you.
You shoot an arrow. The arrow hits Edmund.
Edmund is heavily wounded.
Edmund hits you with a +4 flail of protection!
You die...

.........### #..............
.......### #..............
.....### ## #..............
####.# ##. #..............
###.## }.# #..............
#....## .. #..............
#..#...## #. #.........<..##
..###...#
###@#7#.##.........# .#
##..####<#7.@...###.......##
# ##......##.#7####......###
##.....##. #.#.....###
##.....##.. #..>...##
#......#}.# #.....##
##......##. ##.....#
#........## ##......#
##.........###.......#
#....................#


You could see Edmund.

Vanquished Creatures
  A phantom (D:5)
  2 scorpions (D:3)
  An orc priest (D:2)
  An orc wizard (D:4)
  5 adders
  2 dart slugs
  10 orcs
  12 endoplasms
  A giant cockroach (D:1)
  6 goblins
  5 hobgoblins
  10 jackals
  3 quokkas
  9 ball pythons
  4 bats
  5 frilled lizards
  2 kobolds
  4 rats
83 creatures vanquished.

Notes
Turn   | Place    | Note
-------+----------+-------------------------------------------
     0 | D:1      | qw the Minotaur Hunter began the quest for the Orb.
     0 | D:1      | Reached XP level 1. HP: 18/18 MP: 0/0
     0 | D:1      | 0 ||| qw: Version: 0.2-a-122-gbc61b45
     0 | D:1      | 0 ||| qw: Game counter: 3487
     0 | D:1      | 0 ||| qw: Always use a shield: true
     0 | D:1      | 0 ||| qw: God list: Okawaru
     0 | D:1      | 0 ||| qw: Allow faded altars: false
     0 | D:1      | 0 ||| qw: Do Orc after D:15 true
     0 | D:1      | 0 ||| qw: Do second Lair branch before Depths: true
     0 | D:1      | 0 ||| qw: Lair rune preference: random
     0 | D:1      | 0 ||| qw: Plans: Normal
     0 | D:1      | 0 ||| PLANNING D:1-11
    90 | D:1      | 90 ||| FLEEEEING.
    91 | D:1      | 91 ||| FLEEEEING.
    92 | D:1      | 92 ||| FLEEEEING.
    93 | D:1      | 93 ||| FLEEEEING.
    94 | D:1      | 94 ||| FLEEEEING.
    97 | D:1      | 97 ||| FLEEEEING.
    98 | D:1      | 98 ||| FLEEEEING.
    99 | D:1      | 99 ||| FLEEEEING.
   101 | D:1      | 101 ||| FLEEEEING.
   102 | D:1      | 102 ||| FLEEEEING.
   104 | D:1      | 104 ||| FLEEEEING.
   105 | D:1      | 105 ||| FLEEEEING.
   126 | D:1      | Reached XP level 2. HP: 25/25 MP: 1/1
   128 | D:1      | Reached skill level 5 in Ranged Weapons
   353 | D:1      | Reached skill level 3 in Fighting
   511 | D:1      | Reached XP level 3. HP: 31/31 MP: 2/2
   590 | D:1      | Found a faded altar of an unknown god.
   733 | D:1      | 733 ||| READING scroll labelled TONADEYRGHU.
   734 | D:1      | 734 ||| DROPPING scroll of butterflies.
  1143 | D:2      | 1143 ||| UPGRADING to +0 ring mail.
  1153 | D:2      | 1153 ||| DROPPING +0 leather armour.
  1154 | D:2      | 1154 ||| READING scroll labelled SAJUGUAGYN.
  1209 | D:2      | 1209 ||| READING scroll labelled LAHAUF WEMOI.
  1210 | D:2      | 1210 ||| DRINKING 2 white potions.
  1211 | D:2      | 1211 ||| DRINKING 2 ruby potions.
  1212 | D:2      | 1212 ||| DRINKING 2 blue potions.
  1232 | D:2      | 1232 ||| DROPPING potion of brilliance.
  1233 | D:2      | 1233 ||| DROPPING potion of lignification.
  1320 | D:3      | Reached skill level 1 in Armour
  1320 | D:3      | Reached XP level 4. HP: 34/38 MP: 3/3
  1469 | D:3      | Reached skill level 6 in Ranged Weapons
  1474 | D:3      | 1474 ||| FLEEEEING.
  1476 | D:3      | 1476 ||| FLEEEEING.
  1477 | D:3      | 1477 ||| FLEEEEING.
  1478 | D:3      | 1478 ||| FLEEEEING.
  1479 | D:3      | 1479 ||| FLEEEEING.
  1480 | D:3      | 1480 ||| FLEEEEING.
  1481 | D:3      | 1481 ||| FLEEEEING.
  1482 | D:3      | 1482 ||| FLEEEEING.
  1485 | D:3      | 1485 ||| FLEEEEING.
  1486 | D:3      | 1486 ||| FLEEEEING.
  1487 | D:3      | 1487 ||| FLEEEEING.
  1487 | D:3      | HP: 7/38 [orc priest/divine providence (11)]
  1488 | D:3      | 1488 ||| FLEEEEING.
  1491 | D:3      | 1491 ||| FLEEEEING.
  1492 | D:3      | 1492 ||| FLEEEEING.
  1493 | D:3      | 1493 ||| FLEEEEING.
  1494 | D:3      | 1494 ||| FLEEEEING.
  1495 | D:3      | 1495 ||| FLEEEEING.
  1496 | D:3      | 1496 ||| FLEEEEING.
  1497 | D:3      | 1497 ||| FLEEEEING.
  1498 | D:3      | 1498 ||| FLEEEEING.
  1499 | D:3      | 1499 ||| FLEEEEING.
  1500 | D:3      | 1500 ||| FLEEEEING.
  1501 | D:3      | 1501 ||| FLEEEEING.
  1503 | D:3      | 1503 ||| FLEEEEING.
  1504 | D:3      | 1504 ||| FLEEEEING.
  1505 | D:3      | 1505 ||| FLEEEEING.
  1506 | D:3      | 1506 ||| FLEEEEING.
  1507 | D:3      | 1507 ||| FLEEEEING.
  1508 | D:3      | 1508 ||| FLEEEEING.
  1509 | D:3      | 1509 ||| FLEEEEING.
  1510 | D:3      | 1510 ||| FLEEEEING.
  1516 | D:3      | 1516 ||| FLEEEEING.
  1517 | D:3      | 1517 ||| FLEEEEING.
  1518 | D:3      | 1518 ||| FLEEEEING.
  1519 | D:3      | 1519 ||| FLEEEEING.
  1520 | D:3      | 1520 ||| FLEEEEING.
  1521 | D:3      | 1521 ||| FLEEEEING.
  1522 | D:3      | 1522 ||| FLEEEEING.
  1523 | D:3      | 1523 ||| FLEEEEING.
  1524 | D:3      | 1524 ||| FLEEEEING.
  1525 | D:3      | 1525 ||| FLEEEEING.
  1526 | D:3      | 1526 ||| FLEEEEING.
  1527 | D:3      | 1527 ||| FLEEEEING.
  1528 | D:3      | 1528 ||| FLEEEEING.
  1529 | D:3      | 1529 ||| FLEEEEING.
  1530 | D:3      | 1530 ||| FLEEEEING.
  1531 | D:3      | 1531 ||| FLEEEEING.
  1535 | D:3      | 1535 ||| FLEEEEING.
  1536 | D:3      | 1536 ||| FLEEEEING.
  1537 | D:3      | 1537 ||| FLEEEEING.
  1538 | D:3      | 1538 ||| FLEEEEING.
  1541 | D:3      | 1541 ||| FLEEEEING.
  1542 | D:3      | 1542 ||| FLEEEEING.
  1543 | D:3      | 1543 ||| FLEEEEING.
  1544 | D:3      | 1544 ||| FLEEEEING.
  1545 | D:3      | 1545 ||| FLEEEEING.
  1546 | D:3      | 1546 ||| FLEEEEING.
  1547 | D:3      | 1547 ||| FLEEEEING.
  1548 | D:3      | 1548 ||| FLEEEEING.
  1549 | D:3      | 1549 ||| FLEEEEING.
  1550 | D:3      | 1550 ||| FLEEEEING.
  1551 | D:3      | 1551 ||| FLEEEEING.
  1552 | D:3      | 1552 ||| FLEEEEING.
  1558 | D:3      | 1558 ||| FLEEEEING.
  1559 | D:3      | 1559 ||| FLEEEEING.
  1560 | D:3      | 1560 ||| FLEEEEING.
  1561 | D:3      | 1561 ||| FLEEEEING.
  1562 | D:3      | 1562 ||| FLEEEEING.
  1563 | D:3      | 1563 ||| STAIRDANCE
  1607 | D:2      | 1607 ||| READING scroll labelled VABEKHLEANN.
  1608 | D:2      | 1608 ||| DRINKING 2 metallic dark potions.
  1609 | D:2      | 1609 ||| DROPPING potion of attraction.
  1613 | D:3      | 1613 ||| STAIRDANCE
  1706 | D:3      | 1706 ||| STAIRDANCE
  1709 | D:2      | HP: 6/38 [orc priest/+0 club (6)]
  2387 | D:3      | 2387 ||| UPGRADING to ring of poison resistance.
  2388 | D:3      | 2388 ||| READING scroll labelled QUPABI DEGA.
  2389 | D:3      | 2389 ||| READING scroll labelled RIGEDGHO XUHEUG.
  2461 | D:4      | Noticed a scorpion
  2461 | D:4      | Noticed a scorpion
  2464 | D:4      | 2464 ||| STAIRDANCE
  2468 | D:3      | Killed a scorpion
  2469 | D:3      | Reached XP level 5. HP: 31/46 MP: 4/4
  2525 | D:4      | 2525 ||| STAIRDANCE
  2539 | D:3      | Reached skill level 7 in Ranged Weapons
  2688 | D:4      | Reached XP level 6. HP: 37/52 MP: 5/5
  3138 | D:4      | You fall into a shaft and drop 2 floors!
  3139 | D:6      | 3139 ||| READING scroll labelled NUYMNO WYIST.
  3240 | D:6      | 3240 ||| READING scroll labelled CIQALL EWAWEUZ.
  3241 | D:6      | 3241 ||| READING 4 scrolls of identify.
  3241 | D:6      | 3241 ||| IDENTIFYING smoky blue potion
  3242 | D:6      | 3242 ||| READING 3 scrolls of identify.
  3242 | D:6      | 3242 ||| IDENTIFYING lumpy puce potion
  3243 | D:6      | 3243 ||| READING 2 scrolls of identify.
  3243 | D:6      | 3243 ||| IDENTIFYING bubbling emerald potion
  3244 | D:6      | 3244 ||| DROPPING potion of enlightenment.
  3248 | D:5      | Entered Level 5 of the Dungeon
  3324 | D:5      | 3324 ||| READING scroll labelled PUSMUD ULET.
  3334 | D:5      | Reached skill level 8 in Ranged Weapons
  3356 | D:5      | 3356 ||| STAIRDANCE
  3496 | D:4      | Noticed Edmund
  3511 | D:4      | HP: 9/52 [Edmund/+4 flail of protection (8)]
  3512 | D:4      | 3512 ||| DRINKING potion of heal wounds.
  3522 | D:4      | HP: 12/52 [Edmund/+4 flail of protection (3)]
  3524 | D:4      | HP: 2/52 [Edmund/+4 flail of protection (4)]
  3528 | D:4      | Mangled by Edmund

Levels and vault maps discovered:
D:1:      mrwooster_arrival_statue_3, layout_basic,
          dreamdust_ecumenical_altar_statues
D:2:      layout_basic, minmay_misc_feat_plants
D:3:      layout_basic, nrook_uturn, dreamdust_princess_bridge,
          kennysheep_generic_room_7
D:4:      layout_cave_pods, amethyst_overflow_temple_binary, serial_shops,
          nicolae_shop_tiny_real_fake_doors, serial_glass, glass_columns_a,
          glass_columns_a, minmay_strange_pillars, due_unseen_surprise,
          item_on_display_b, minmay_strange_pillars, minivault_24,
          minmay_misc_feat_secret_circle, uniq_edmund
D:5:      layout_loops_ring, minitemple, led_sif_book, roderic_lattice_a
D:6:      layout_basic, minmay_temple_entry_metal_lava, serial_shops,
          nicolae_shop_stone, nicolae_shop_bloodbath_and_beyond, hex_tiny,
          amcnicky_mini_pool_small, chequers_serial_rivers_micro_b

Skill      XL: |  1  2  3  4  5  6 |
---------------+-------------------+-----
Ranged Weapons | 5 6 7 8 |  8.0
Fighting       | 3 4 |  4.1
Armour         | 1 |  1.0
Dodging        | |  2.1
Stealth        | |  0.7

Action                     |  1- 3 |  4- 6 || total
---------------------------+-------+-------++-------
   Fire: Shortbow          |   137 |   180 ||   317
    Use: Scroll            |     3 |     9 ||    12
         Potion            |     3 |     2 ||     5
 Armour: Leather armour    |    14 |       ||    14
         Ring mail         |     4 |    34 ||    38
  Dodge: Dodged            |    31 |    70 ||   101

Table legend:
 A = Non-vault XP
 B = Vault XP
 C = Vault XP percentage of total XP
 D = Non-vault monster count
 E = Vault monster count
 F = Vault count percentage of total count
                 A         B        C        D         E       F
            +---------+---------+-------+---------+---------+-------
      Total |     568 |       1 |   0.2 |      82 |       1 |   1.2
            +---------+---------+-------+---------+---------+-------
        D:1 |      50 |       0 |   0.0 |      29 |       0 |   0.0
        D:2 |      86 |       0 |   0.0 |      18 |       0 |   0.0
        D:3 |     231 |       1 |   0.4 |      19 |       1 |   5.0
        D:4 |      65 |       0 |   0.0 |      13 |       0 |   0.0
        D:5 |     136 |       0 |   0.0 |       3 |       0 |   0.0
            +---------+---------+-------+---------+---------+-------
